 Dungeon Crawl Stone Soup version 0.31-a0-702-gf82c85558f (webtiles) character file.

Game seed: 739656006828642803

12962 qw the Skirmisher (level 12, -1/76 HPs)
             Began as a Gargoyle Hunter on Sept 8, 2023.
             Was an Elder of Okawaru.
             Slain by a wyvern (5 damage)
             ... on level 3 of the Lair of Beasts.
             The game lasted 00:04:09 (8021 turns).

qw the Skirmisher (Gargoyle Hunter)                 Turns: 8021, Time: 00:04:10

Health: -1/76      AC: 20    Str: 20    XL:     12   Next: 1%
Magic:  18/18      EV: 18    Int:  9    God:    Okawaru [****..]
Gold:   757        SH:  5    Dex: 20    Spells: 11/11 levels left

rFire   . . .        Y - -3 hand cannon
rCold   . . .        (no shield)
rNeg    + + .        p - +0 leather armour of the Depths {rCorr SInv}
rPois   inf          i - +0 helmet
rElec   +            (no cloak)
rCorr   +            b - +0 pair of gloves
SInv    +            k - +2 pair of boots
Will    .....        w - amulet of reflection
Stlth   ++           l - ring "Watrim" {rElec rN+ rCorr Dex+4}
HPRegen 0.32/turn    r - +4 ring of slaying {mikee}
MPRegen 0.16/turn

%: reflection
@: heroic, very slow
A: sickness immunity, AC +8, negative energy resistance 1, electricity
resistance, torment resistance 1, petrification resistance, hooves 1, iridescent
scales 1, strong 1
a: Renounce Religion, Heroism, Finesse


You were on level 3 of the Lair of Beasts.
You worshipped Okawaru.
Okawaru was greatly pleased with you.
You visited 3 branches of the dungeon, and saw 12 of its levels.
You also visited: Ossuary.

You collected 758 gold pieces.
You spent 1 gold pieces at shops.


Innate Abilities, Weirdness & Mutations

You are immune to sickness and miasma.
Your stone body is resilient. (AC +8)
You are immune to poison.
You resist negative energy. (rN+)
You are resistant to electric shocks. (rElec)
You are resistant to unholy torment.
You are immune to petrification.
You have large cloven feet.
You are partially covered in iridescent scales. (AC +2)
Your muscles are strong. (Str +4, Int/Dex -1)


   Skills:
 + Level 9.1(14.1) Fighting
 - Level 14.0(19.0) Ranged Weapons
 - Level 3.1(8.1) Armour
 - Level 5.0(10.0) Dodging
 - Level 1.1(6.1) Stealth
 + Level 9.1 Invocations


You had 11 spell levels left.
You didn't know any spells.
Your spell library was empty.

Inventory:

Hand Weapons
 Y - a -3 hand cannon (weapon)
Armour
 b - a +0 pair of gloves (worn)
 i - a +0 helmet (worn)
 k - a +2 pair of boots (worn)
 o - a +0 troll leather armour
 p - the +0 leather armour of the Depths (worn) {rCorr SInv}
   (You found it on level 4 of the Dungeon)

   SInv:      It lets you see invisible.
   rCorr:     It protects you from acid and corrosion.
Jewellery
 l - the ring "Watrim" (left hand) {rElec rN+ rCorr Dex+4}
   (You found it on level 4 of the Dungeon)

   [ring of positive energy]

   Dex+4:     It affects your dexterity (+4).
   rElec:     It insulates you from electricity.
   rN+:       It protects you from negative energy.
   rCorr:     It protects you from acid and corrosion.
 r - a +4 ring of slaying (right hand) {mikee}
 t - a ring of fire
 w - an amulet of reflection (around neck)
Scrolls
 n - a scroll of identify
Potions
 c - 2 potions of curing
 e - a potion of magic
 f - a potion of might
 g - a potion of haste
 h - a potion of resistance
 j - 3 potions of mutation
 m - a potion of brilliance {unknown}
 s - 2 potions of enlightenment

Dungeon Overview and Level Annotations

Branches:
Dungeon (8/15)             Temple (1/1) D:4            Lair (3/5) D:8
Ossuary (visited)
  Swamp: Lair:2-3    Shoals: Lair:2-3     Snake: Lair:2-3    Spider: Lair:2-3

Altars:
Ashenzari
Cheibriados
Dithmenos
Elyvilon
Fedhas
Kikubaaqudgha
Makhleb
Nemelex Xobeh
Okawaru
Qazlal
Ru
Sif Muna
Trog
Uskayaw
Vehumet
Wu Jian
Xom
Yredelemnul
The Shining One

Shops:
D:8 *

Portals:
Bailey: D:7

Annotations:
Lair:3 exclusion: oklob plant


Message History

As you read the scroll of teleportation, it crumbles to dust.
You feel strangely unstable. The death yak gores you.
You block the death yak's attack.
You shoot a bolt. The bolt hits the death yak.
The death yak is severely wounded.
The death yak gores you! The death yak completely misses you.
You shoot a bolt.
The bolt hits the death yak but does no damage.
The death yak is severely wounded.
The death yak barely misses you. The death yak gores you.
You shoot a bolt. The bolt hits the death yak!
The death yak is almost dead.
The death yak misses you. The death yak gores you.
8015 |||
Found retreat position at 0,4 (floor) with 0 blocking monsters and 2 monsters attacking at destination at distance 4
8015 ||| Stepping ~*~*~tactically~*~*~ (retreating).
Your surroundings suddenly seem different.
Splash!
You fall into the shallow water.
Moving in this stuff is going to be slow. 2 oklob plants, a yak and a wolf come into view.
Found a worn ivory wand and 29 gold pieces.
The wolf howls!
The yak bellows!
You hear an angry hiss.
You hear an angry buzzing noise. x2; You hear a howl!
8016 ||| UPGRADING to +0 helmet.
You start putting on your armour.
You continue putting on your +0 helmet.
The wolf bites you but does no damage.
You continue putting on your +0 helmet.
The wolf closely misses you. The wolf completely misses you.
You continue putting on your +0 helmet.
The wolf closely misses you. x2
You continue putting on your +0 helmet.
Magic restored.
The killer bee buzzes angrily.
You hear an angry buzzing noise.
You hear an angry hiss.
The wolf misses you. The killer bee completely misses you.
You finish putting on your +0 helmet.
The killer bee misses you. The wyvern misses you.
The killer bee barely misses you.
The wolf splashes around in the water.
The wyvern bites you.
You die...

.~.~.P. ~~~~~~~
~~~##~~ ~~~~~~
~~~~~~# #~~~~
~$P~~~~ ~##~~~~
~P/~~~# ~~~~~~~
~~~~~~~
~~~~~~~##~~~~~#
~~~~~~~@l~~~~~#
~~~~~~yyh###~##
P.~.P.~Y##
........#
........#
.#.##...# y..
#.... #y .....
.#...


You could see a yak, a wyvern, a wolf and 4 killer bees.

Vanquished Creatures
  A death yak (Lair:3)
  A two-headed ogre (D:6)
  7 cane toads
  A rime drake (Lair:1)
  4 komodo dragons
  A kobold demonologist (D:6)
  A troll (D:6)
  3 blink frogs (Lair:2)
  3 wyverns
  2 basilisks
  11 yaks
  A steam dragon (D:6)
  Grum (D:8)
  Menkaure (D:7)
  6 water moccasins
  Duvessa (D:6)
  2 sky beasts
  An orc warrior (D:6)
  2 black bears (D:8)
  An ogre (D:6)
  2 ice beasts
  11 wolves
  A centaur (D:7)
  A phantom (D:7)
  6 bullfrogs
  2 kobold brigands (D:8)
  An elf zombie (Ossuary)
  2 scorpions
  Dowan (D:6)
  9 wights (D:7)
  A howler monkey (D:6)
  A human zombie (Ossuary)
  2 orc priests
  3 hounds
  3 jellies
  3 iguanas
  A sleepcap (D:7)
  2 orc wizards (D:4)
  9 hell rats (Lair:2)
  2 hound zombies (Ossuary)
  4 mummies (Ossuary)
  7 adders
  3 gnolls (D:5)
  15 river rats (Lair:2)
  A shadow imp (D:5)
  A white imp (D:6)
  3 ufetubi
  2 adder zombies (Ossuary)
  4 worms (D:2)
  2 dart slugs
  15 orcs
  3 bats (D:1)
  9 endoplasms
  6 giant cockroaches
  8 goblins
  8 hobgoblins
  15 kobolds
  12 quokkas
  6 ball pythons
  3 frilled lizards
  2 gnoll zombies (Ossuary)
  A hobgoblin zombie (Ossuary)
  A kobold zombie (Ossuary)
  19 rats
  2 rat zombies (Ossuary)
266 creatures vanquished.

Notes
Turn   | Place    | Note
-------+----------+-------------------------------------------
     0 | D:1      | qw the Gargoyle Hunter began the quest for the Orb.
     0 | D:1      | Reached XP level 1. HP: 12/12 MP: 1/1
     0 | D:1      | 0 ||| qw: Version: 0.3-a-76-g4403597
     0 | D:1      | 0 ||| qw: Game counter: 1073
     0 | D:1      | 0 ||| qw: Melee chars always use a shield: true
     0 | D:1      | 0 ||| qw: God list: Okawaru
     0 | D:1      | 0 ||| qw: Allow faded altars: false
     0 | D:1      | 0 ||| qw: Do Orc after clearing Dungeon:15 true
     0 | D:1      | 0 ||| qw: Do second Lair branch before Depths: true
     0 | D:1      | 0 ||| qw: Lair rune preference: random
     0 | D:1      | 0 ||| qw: Goals: Normal
     0 | D:1      | 0 ||| PLANNING D:1-11
    65 | D:1      | Reached XP level 2. HP: 17/17 MP: 2/2
   619 | D:1      | 619 ||| READING scroll labelled NETTOE NYOCWOI.
   620 | D:1      | 620 ||| DROPPING scroll of butterflies.
   659 | D:2      | Reached XP level 3. HP: 21/21 MP: 3/3
   719 | D:2      | Reached skill level 5 in Ranged Weapons
  1043 | D:2      | Reached skill level 3 in Fighting
  1504 | D:2      | 1504 ||| UPGRADING to +0 ring mail.
  1514 | D:2      | 1514 ||| DROPPING +0 leather armour.
  1515 | D:2      | 1515 ||| UPGRADING to +0 pair of boots.
  1520 | D:2      | 1520 ||| READING 2 scrolls labelled MIUC ORE CAXO.
  1521 | D:2      | 1521 ||| READING scroll of enchant armour.
  1521 | D:2      | 1521 ||| ENCHANTING +0 pair of boots.
  1522 | D:2      | 1522 ||| READING scroll labelled ZICZO GEDEA.
  1527 | D:2      | 1527 ||| READING 2 scrolls labelled OQADUKHL ANWYTT.
  1528 | D:2      | 1528 ||| READING scroll labelled YSMEMN PERCHUC.
  1529 | D:2      | 1529 ||| DROPPING scroll of vulnerability.
  1613 | D:3      | Reached XP level 4. HP: 28/28 MP: 4/4
  1726 | D:3      | Reached skill level 1 in Armour
  2150 | D:3      | 2150 ||| UPGRADING to amulet of regeneration.
  2155 | D:3      | 2155 ||| DRINKING 2 golden potions.
  2156 | D:3      | 2156 ||| DROPPING potion of attraction.
  2211 | D:4      | 2211 ||| PLANNING OSSUARY
  2213 | D:4      | 2213 ||| RETREATING.
  2217 | D:4      | Reached XP level 5. HP: 32/32 MP: 5/5
  2239 | D:4      | Reached skill level 6 in Ranged Weapons
  2285 | D:4      | Found a glowing golden altar of the Shining One.
  2301 | D:4      | Found a staircase to the Ecumenical Temple.
  2337 | D:4      | 2337 ||| FLEEEEING.
  2338 | D:4      | 2338 ||| FLEEEEING.
  2339 | D:4      | 2339 ||| FLEEEEING.
  2340 | D:4      | 2340 ||| FLEEEEING.
  2341 | D:4      | 2341 ||| FLEEEEING.
  2342 | D:4      | 2342 ||| FLEEEEING.
  2343 | D:4      | 2343 ||| FLEEEEING.
  2344 | D:4      | 2344 ||| FLEEEEING.
  2345 | D:4      | 2345 ||| FLEEEEING.
  2346 | D:4      | 2346 ||| FLEEEEING.
  2347 | D:4      | 2347 ||| FLEEEEING.
  2392 | D:4      | Identified the ring "Watrim" {rElec rN+ rCorr Dex+4}
  2469 | D:4      | Reached XP level 6. HP: 38/38 MP: 6/6
  2532 | D:4      | Identified the +0 leather armour of the Depths {rCorr SInv}
  2716 | D:4      | Found a sand-covered staircase.
  2717 | D:4      | 2717 ||| UPGRADING to +0 leather armour of the Depths
                  | {rCorr SInv}.
  2727 | D:4      | 2727 ||| UPGRADING to ring "Watrim" {rElec rN+ rCorr
                  | Dex+4}.
  2728 | D:4      | 2728 ||| READING scroll labelled HEUMIU FUARCHU.
  2729 | D:4      | 2729 ||| READING scroll labelled GISSON LENENK.
  2734 | Ossuary  | Entered an ossuary
  2735 | Ossuary  | 2735 ||| RETREATING.
  2763 | Ossuary  | HP: 8/38 [elf zombie (3)]
  2764 | Ossuary  | 2764 ||| READING scroll of teleportation.
  2947 | Ossuary  | Reached skill level 7 in Ranged Weapons
  2991 | Ossuary  | 2991 ||| READING scroll labelled OFE PYOXEXT.
  2992 | Ossuary  | 2992 ||| DRINKING 3 pink potions.
  2993 | Ossuary  | 2993 ||| DRINKING 2 red potions.
  2994 | Ossuary  | 2994 ||| DRINKING 2 inky potions.
  2995 | Ossuary  | 2995 ||| READING 5 scrolls of identify.
  2995 | Ossuary  | 2995 ||| IDENTIFYING puce potion
  2996 | Ossuary  | 2996 ||| READING 4 scrolls of identify.
  2996 | Ossuary  | 2996 ||| IDENTIFYING murky clear potion
  2997 | Ossuary  | 2997 ||| READING 3 scrolls of identify.
  2997 | Ossuary  | 2997 ||| IDENTIFYING bubbling green potion
  2998 | Ossuary  | 2998 ||| READING 2 scrolls of identify.
  2998 | Ossuary  | 2998 ||| IDENTIFYING white potion
  2999 | Ossuary  | 2999 ||| DROPPING potion of degeneration.
  3000 | Ossuary  | 3000 ||| DROPPING potion of lignification.
  3001 | Ossuary  | 3001 ||| DROPPING potion of invisibility.
  3012 | D:4      | 3012 ||| PLANNING TEMPLE
  3055 | Temple   | Entered the Ecumenical Temple
  3056 | Temple   | 3056 ||| PLANNING OKAWARU WORSHIP
  3069 | Temple   | Became a worshipper of Warmaster Okawaru
  3070 | Temple   | 3070 ||| PLANNING D:1-11
  3200 | D:4      | 3200 ||| READING scroll of enchant armour.
  3200 | D:4      | 3200 ||| ENCHANTING +1 pair of boots.
  3289 | D:5      | Entered Level 5 of the Dungeon
  3292 | D:5      | 3292 ||| STAIRDANCE
  3316 | D:5      | Reached XP level 7. HP: 42/43 MP: 7/7
  3350 | D:5      | HP: 9/43 [gnoll/+2 whip of distortion (4)]
  3350 | D:5      | HP: 4/43 [gnoll/+2 whip of distortion (5)]
  3351 | D:5      | 3351 ||| DRINKING potion of heal wounds.
  3491 | D:5      | Found a sacrificial altar of Ru.
  3590 | D:5      | Reached skill level 8 in Ranged Weapons
  3871 | D:5      | Found a sparkling altar of Nemelex Xobeh.
  3877 | D:5      | Found a white marble altar of Elyvilon.
  3880 | D:5      | Found a bloodstained altar of Trog.
  3880 | D:5      | Found a burning altar of Makhleb.
  3887 | D:5      | Found a shadowy altar of Dithmenos.
  3977 | D:5      | 3977 ||| SWAPPING to +4 orcbow.
  3978 | D:5      | 3978 ||| DROPPING +0 shortbow.
  3979 | D:5      | 3979 ||| UPGRADING to +0 pair of gloves.
  3984 | D:5      | 3984 ||| READING scroll labelled XEMIYJ ZOGGAR.
  3985 | D:5      | 3985 ||| DRINKING 2 fizzy red potions.
  3986 | D:5      | 3986 ||| DRINKING 2 potions of curing.
  3986 | D:5      | 3986 ||| (to cure confusion)
  3987 | D:5      | 3987 ||| DROPPING potion of ambrosia.
  4089 | D:6      | Reached * piety under Okawaru
  4119 | D:6      | 4119 ||| INVOKING Heroism.
  4120 | D:6      | 4120 ||| INVOKING Heroism.
  4123 | D:6      | Reached skill level 1 in Invocations
  4123 | D:6      | Reached XP level 8. HP: 49/49 MP: 5/8
  4273 | D:6      | Noticed a troll
  4274 | D:6      | 4274 ||| INVOKING Heroism.
  4281 | D:6      | Killed a troll
  4282 | D:6      | Reached skill level 3 in Invocations
  4305 | D:6      | Noticed a two-headed ogre
  4306 | D:6      | 4306 ||| RETREATING.
  4309 | D:6      | 4309 ||| FLEEEEING.
  4310 | D:6      | 4310 ||| FLEEEEING.
  4311 | D:6      | 4311 ||| FLEEEEING.
  4312 | D:6      | 4312 ||| FLEEEEING.
  4313 | D:6      | 4313 ||| FLEEEEING.
  4314 | D:6      | 4314 ||| FLEEEEING.
  4315 | D:6      | 4315 ||| INVOKING Heroism.
  4319 | D:6      | Reached skill level 9 in Ranged Weapons
  4324 | D:6      | Killed a two-headed ogre
  4324 | D:6      | Reached ** piety under Okawaru
  4325 | D:6      | Reached XP level 9. HP: 59/59 MP: 10/12
  4325 | D:6      | Noticed a kobold demonologist
  4330 | D:6      | Killed a kobold demonologist
  4331 | D:6      | Reached skill level 3 in Dodging
  4367 | D:6      | 4367 ||| INVOKING Heroism.
  4373 | D:6      | 4373 ||| Stepping ~*~*~tactically~*~*~ (cloud).
  4439 | D:6      | Noticed Duvessa
  4440 | D:6      | 4440 ||| INVOKING Heroism.
  4441 | D:6      | Noticed Dowan
  4447 | D:6      | Killed Duvessa
  4451 | D:6      | Killed Dowan
  4566 | D:6      | Reached skill level 10 in Ranged Weapons
  4617 | D:6      | Reached *** piety under Okawaru
  4944 | D:6      | 4944 ||| DROPPING +0 ring mail.
  4945 | D:6      | 4945 ||| DROPPING ring of ice.
  4946 | D:6      | 4946 ||| UPGRADING to +4 ring of slaying {mikee}.
  4947 | D:6      | 4947 ||| DRINKING 2 metallic emerald potions.
  4947 | D:6      | Gained mutation: You are partially covered in iridescent
                  | scales. (AC +2) [potion of mutation]
  4947 | D:6      | Gained mutation: Your muscles are strong. (Str +4, Int/Dex
                  | -1) [potion of mutation]
  4947 | D:6      | Gained mutation: You have large cloven feet. [potion of
                  | mutation]
  4948 | D:6      | 4948 ||| DRINKING 2 ruby potions.
  4984 | D:7      | Noticed Menkaure
  4985 | D:7      | 4985 ||| INVOKING Heroism.
  4986 | D:7      | Killed Menkaure
  5038 | D:7      | 5038 ||| INVOKING Heroism.
  5056 | D:7      | Found a blossoming altar of Fedhas.
  5066 | D:7      | Reached skill level 11 in Ranged Weapons
  5066 | D:7      | Reached XP level 10. HP: 64/64 MP: 13/13
  5194 | D:7      | 5194 ||| INVOKING Heroism.
  5299 | D:7      | Found a flagged portal.
  5614 | D:8      | Noticed Grum
  5615 | D:8      | 5615 ||| INVOKING Heroism.
  5625 | D:8      | Killed Grum
  5726 | D:8      | Found an ancient bone altar of Kikubaaqudgha.
  5726 | D:8      | Found a shimmering blue altar of Sif Muna.
  5728 | D:8      | Found a radiant altar of Vehumet.
  5793 | D:8      | Found Pifaic's Lightly-Used Armoury.
  5798 | D:8      | 5798 ||| BUYING -3 hand cannon (1 gold).
  5798 | D:8      | Bought a -3 hand cannon for 1 gold piece
  5798 | D:8      | 5798 ||| SWAPPING to -3 hand cannon.
  5799 | D:8      | 5799 ||| DROPPING +4 orcbow of flaming.
  5925 | D:8      | 5925 ||| Stepping ~*~*~tactically~*~*~ (retreating).
  5933 | D:8      | Reached skill level 12 in Ranged Weapons
  5943 | D:8      | 5943 ||| INVOKING Heroism.
  5971 | D:8      | Found a staircase to the Lair.
  6117 | D:8      | Reached **** piety under Okawaru
  6308 | D:8      | 6308 ||| PLANNING LAIR
  6391 | Lair:1   | Entered Level 1 of the Lair of Beasts
  6502 | Lair:1   | Reached skill level 13 in Ranged Weapons
  6502 | Lair:1   | Noticed a cane toad
  6503 | Lair:1   | 6503 ||| INVOKING Heroism.
  6507 | Lair:1   | Killed a cane toad
  6525 | Lair:1   | Identified the +8 falchion of Income {protect, Int+4}
  6650 | Lair:1   | 6650 ||| RETREATING.
  6663 | Lair:1   | Reached skill level 9 in Fighting
  6667 | Lair:1   | Reached XP level 11. HP: 71/71 MP: 14/14
  6681 | Lair:1   | Reached skill level 3 in Armour
  6772 | Lair:1   | 6772 ||| INVOKING Heroism.
  6850 | Lair:1   | 6850 ||| INVOKING Heroism.
  6857 | Lair:1   | Reached skill level 6 in Invocations
  6900 | Lair:1   | 6900 ||| INVOKING Heroism.
  6905 | Lair:1   | 6905 ||| RETREATING.
  6907 | Lair:1   | 6907 ||| Stepping ~*~*~tactically~*~*~ (retreating).
  6908 | Lair:1   | 6908 ||| Stepping ~*~*~tactically~*~*~ (retreating).
  6909 | Lair:1   | 6909 ||| Stepping ~*~*~tactically~*~*~ (retreating).
  6910 | Lair:1   | 6910 ||| Stepping ~*~*~tactically~*~*~ (retreating).
  6911 | Lair:1   | 6911 ||| Stepping ~*~*~tactically~*~*~ (retreating).
  6912 | Lair:1   | 6912 ||| Stepping ~*~*~tactically~*~*~ (retreating).
  6914 | Lair:1   | 6914 ||| Stepping ~*~*~tactically~*~*~ (retreating).
  6915 | Lair:1   | 6915 ||| Stepping ~*~*~tactically~*~*~ (retreating).
  6924 | Lair:1   | 6924 ||| INVOKING Heroism.
  7025 | Lair:1   | 7025 ||| INVOKING Heroism.
  7323 | Lair:1   | 7323 ||| UPGRADING to amulet of reflection.
  7333 | Lair:1   | 7333 ||| DROPPING amulet of regeneration.
  7334 | Lair:1   | 7334 ||| DROPPING +4 ring of protection.
  7335 | Lair:1   | 7335 ||| READING scroll labelled GUNUDW EPTOAGG.
  7336 | Lair:1   | 7336 ||| READING 3 scrolls of identify.
  7336 | Lair:1   | 7336 ||| IDENTIFYING brown potion
  7337 | Lair:1   | 7337 ||| READING 2 scrolls of identify.
  7337 | Lair:1   | 7337 ||| IDENTIFYING fuming yellow potion
  7365 | Lair:2   | 7365 ||| INVOKING Heroism.
  7449 | Lair:2   | 7449 ||| INVOKING Heroism.
  7667 | Lair:2   | Noticed a seven-headed hydra
  7668 | Lair:2   | 7668 ||| RETREATING.
  7708 | Lair:2   | 7708 ||| INVOKING Heroism.
  7711 | Lair:2   | 7711 ||| RETREATING.
  7714 | Lair:2   | 7714 ||| Stepping ~*~*~tactically~*~*~ (retreating).
  7716 | Lair:2   | 7716 ||| Stepping ~*~*~tactically~*~*~ (retreating).
  7717 | Lair:2   | 7717 ||| Stepping ~*~*~tactically~*~*~ (retreating).
  7718 | Lair:2   | 7718 ||| Stepping ~*~*~tactically~*~*~ (retreating).
  7719 | Lair:2   | 7719 ||| Stepping ~*~*~tactically~*~*~ (retreating).
  7720 | Lair:2   | 7720 ||| Stepping ~*~*~tactically~*~*~ (retreating).
  7721 | Lair:2   | 7721 ||| Stepping ~*~*~tactically~*~*~ (retreating).
  7722 | Lair:2   | 7722 ||| Stepping ~*~*~tactically~*~*~ (retreating).
  7723 | Lair:2   | 7723 ||| Stepping ~*~*~tactically~*~*~ (retreating).
  7725 | Lair:2   | 7725 ||| Stepping ~*~*~tactically~*~*~ (retreating).
  7726 | Lair:2   | 7726 ||| INVOKING Heroism.
  7743 | Lair:2   | 7743 ||| FLEEEEING.
  7758 | Lair:2   | 7758 ||| INVOKING Heroism.
  7766 | Lair:2   | 7766 ||| FLEEEEING.
  7768 | Lair:2   | 7768 ||| FLEEEEING.
  7770 | Lair:2   | 7770 ||| Stepping ~*~*~tactically~*~*~ (retreating).
  7771 | Lair:2   | 7771 ||| Stepping ~*~*~tactically~*~*~ (retreating).
  7772 | Lair:2   | HP: 16/71 [blink frog (8)]
  7773 | Lair:2   | 7773 ||| READING 3 scrolls of teleportation.
  7774 | Lair:2   | 7774 ||| DRINKING 2 potions of heal wounds.
  7775 | Lair:2   | 7775 ||| Stepping ~*~*~tactically~*~*~ (retreating).
  7776 | Lair:2   | 7776 ||| Stepping ~*~*~tactically~*~*~ (retreating).
  7891 | Lair:2   | 7891 ||| INVOKING Heroism.
  7979 | Lair:2   | You fall into a shaft and drop 1 floor!
  7979 | Lair:3   | Noticed a death yak
  7979 | Lair:3   | Noticed a death yak
  7979 | Lair:3   | Noticed a death yak
  7979 | Lair:3   | Noticed a death yak
  7979 | Lair:3   | Noticed a death yak
  7979 | Lair:3   | Noticed a death yak
  7980 | Lair:3   | 7980 ||| RETREATING.
  7981 | Lair:3   | 7981 ||| Stepping ~*~*~tactically~*~*~ (retreating).
  7982 | Lair:3   | 7982 ||| Stepping ~*~*~tactically~*~*~ (retreating).
  7983 | Lair:3   | 7983 ||| INVOKING Heroism.
  7991 | Lair:3   | Killed a death yak
  7991 | Lair:3   | HP: 15/71 [death yak (6)]
  7992 | Lair:3   | Reached skill level 9 in Invocations
  7992 | Lair:3   | 7992 ||| READING 2 scrolls of teleportation.
  7993 | Lair:3   | 7993 ||| DRINKING potion of heal wounds.
  8002 | Lair:3   | Reached skill level 14 in Ranged Weapons
  8002 | Lair:3   | Reached XP level 12. HP: 33/76 MP: 18/18
  8009 | Lair:3   | 8009 ||| INVOKING Heroism.
  8010 | Lair:3   | HP: 12/76 [death yak (11)]
  8011 | Lair:3   | 8011 ||| READING scroll of teleportation.
  8012 | Lair:3   | HP: 3/76 [death yak (7)]
  8015 | Lair:3   | 8015 ||| Stepping ~*~*~tactically~*~*~ (retreating).
  8016 | Lair:3   | 8016 ||| UPGRADING to +0 helmet.
  8021 | Lair:3   | Slain by a wyvern

Levels and vault maps discovered:
D:1:      dpeg_arrival_arbitrary_c, layout_loops_ring, nrook_uturn
D:2:      layout_basic, serial_corexii_hall, chequers_hall_statues_y,
          chequers_hall_statues_y, nicolae_wormholes
D:3:      layout_basic
D:4:      layout_basic, tso_oasis_becter, temple_fountains, enter_ossuary_5
D:5:      layout_cave_pods, nicolae_overflow_hallway_of_the_gods,
          nicolae_ru_awakened_eye
D:6:      hangedman_cross_stitches, layout_basic, dreamdust_wishing_well,
          hangedman_abyss_or_decor_passed, grunt_decor_one_mirror, uniq_duvessa
D:7:      layout_loops_ring, fedhas_altar_1, enter_bailey_6,
          chequers_hall_statues_y, uniq_menkaure
D:8:      layout_basic, grunt_temple_overflow_magic_moments,
          minmay_lair_entry_grove, minmay_shop_damaged, amethyst_killhole,
          uniq_grum
Temple:   nicolae_temple_bog_church
Lair:1:   layout_cave_pods, grunt_megastairs_2, lemuel_fruit_tree
Lair:2:   lemuel_ratsnest, layout_regular_city
Lair:3:   regret_index_harrowing_hell_hive, layout_regular_city,
          elwin_shoals_entry_stream, minmay_snake_entry_guardpost_small

Skill      XL: |  1  2  3  4  5  6  7  8  9 10 11 |
---------------+----------------------------------+-----
Ranged Weapons | 5 6 7 8 9 11 13 14 | 14.0
Fighting       | 3 4 5 8 9 |  9.1
Armour         | 1 2 3 |  3.1
Dodging        | 2 3 4 5 |  5.0
Invocations    | 1 4 5 9 |  9.1
Stealth        | |  1.1

Action                     |  1- 3 |  4- 6 |  7- 9 | 10-12 || total
---------------------------+-------+-------+-------+-------++-------
   Fire: Shortbow          |   111 |   265 |   106 |       ||   482
         Orcbow            |       |       |    96 |    52 ||   148
         Hand cannon       |       |       |       |   335 ||   335
 Invoke: Heroism           |       |       |     7 |    17 ||    24
    Use: Scroll            |     6 |     9 |     1 |     6 ||    22
         Potion            |       |     4 |     5 |     2 ||    11
 Armour: Leather armour    |    13 |   140 |   104 |   125 ||   382
         Ring mail         |     9 |    45 |       |       ||    54
  Dodge: Dodged            |     8 |   180 |    98 |   237 ||   523
  Block: Other             |       |       |       |    29 ||    29

Table legend:
 A = Non-vault XP
 B = Vault XP
 C = Vault XP percentage of total XP
 D = Non-vault monster count
 E = Vault monster count
 F = Vault count percentage of total count
                 A         B        C        D         E       F
            +---------+---------+-------+---------+---------+-------
      Total |   10825 |    7693 |  41.5 |     168 |      98 |  36.8
            +---------+---------+-------+---------+---------+-------
        D:1 |      33 |       0 |   0.0 |      21 |       0 |   0.0
        D:2 |      29 |      15 |  34.1 |      14 |       3 |  17.6
        D:3 |      82 |       0 |   0.0 |      17 |       0 |   0.0
        D:4 |     187 |       0 |   0.0 |      25 |       0 |   0.0
        D:5 |     324 |       0 |   0.0 |      16 |       0 |   0.0
        D:6 |     803 |    2217 |  73.4 |      16 |      10 |  38.5
        D:7 |    1172 |     175 |  13.0 |      16 |       1 |   5.9
        D:8 |     351 |    2050 |  85.4 |      14 |      15 |  51.7
     Lair:1 |    3200 |    1698 |  34.7 |      13 |       8 |  38.1
     Lair:2 |    3277 |    1275 |  28.0 |      13 |      45 |  77.6
     Lair:3 |    1367 |       0 |   0.0 |       3 |       0 |   0.0
    Ossuary |       0 |     263 | 100.0 |       0 |      16 | 100.0
            +---------+---------+-------+---------+---------+-------
